 Dungeon Crawl Stone Soup version 0.20-a0-1121-gbb42413 (webtiles) character file.

58 Mesmaeker13 the Sneak (level 3, 0/24 HPs)
             Began as a Vampire Enchanter on May 10, 2017.
             Slain by an adder (5 damage)
             ... on level 2 of the Dungeon.
             The game lasted 00:04:21 (2054 turns).

Mesmaeker13 the Sneak (Vampire Enchanter)           Turns: 2054, Time: 00:04:21

Health: 0/24       AC:  2    Str:  8    XL:     3   Next: 75%
Magic:  0/6        EV: 14    Int: 17    God:
Gold:   111        SH:  0    Dex: 19    Spells: 2/6 levels left

rFire    . . .     SeeInvis +   a - +2 dagger
rCold    . . .     Gourm    .   (no shield)
rNeg     + . .     Faith    .   b - +0 robe
rPois    .         Spirit   .   (no helmet)
rElec    .         Reflect  .   (no cloak)
rCorr    .         Harm     .   (no gloves)
MR       .....                  (no boots)
Stlth    ++++......             (no amulet)
Regen    0.1/turn               o - -4 ring of evasion (curse)
MPRegen  0.1/turn               (no ring)

@: agile, very slightly contaminated
A: fangs 3, see invisible, unbreathing
a: Bat Form


You were on level 2 of the Dungeon.
You were not thirsty.

You visited 1 branch of the dungeon, and saw 2 of its levels.

You collected 111 gold pieces.

Inventory:

Hand Weapons
 a - a +2 dagger (weapon)
Missiles
 l - 22 poisoned needles
Armour
 b - a +0 robe (worn)
Jewellery
 o - a cursed -4 ring of evasion (left hand)
Scrolls
 e - a scroll of identify
Potions
 d - 11 potions of blood
 h - a potion of agility
 j - a potion of lignification {unknown}
 k - 2 potions of curing {unknown}
 m - a potion of haste {unknown}
 n - a potion of berserk rage {unknown}
Books
 c - a book of Maledictions

   Spells                             Type                      Level
   a - Corona                         Hexes                        1
   b - Ensorcelled Hibernation        Hexes/Ice                    2
   c - Confuse                        Hexes                        3
   d - Tukima's Dance                 Hexes                        3
   e - Dazzling Spray                 Conjuration/Hexes            3


   Skills:
 + Level 2.3 Short Blades
 - Level 2.1 Dodging
 + Level 6.1 Stealth
 - Level 2.0 Spellcasting
 + Level 4.8 Hexes


You had 2 spell levels left.
You knew the following spells:

 Your Spells              Type           Power        Failure   Level  Hunger
a - Corona                Hex            ###....      2%          1    #......
b - Confuse               Hex            ###.....     8%          3    ###....


Dungeon Overview and Level Annotations

Branches:
Dungeon (2/15)

Altars:


Innate Abilities, Weirdness & Mutations

You have razor-sharp teeth.
You have supernaturally acute eyesight. (SInv)
You can survive without breathing.


Message History

The adder bites you.
Casting: Confuse
Confirm with . or Enter, or press ? or * to list all spells.
Aiming: Confuse
Press: ? - help, Shift-Dir - straight line, f/p - adder
Aim: an adder (chance to defeat MR: 57%)
You miscast Confuse.
You are very lightly contaminated with residual magic.
You feel a bit tired. The adder bites you. x2
Casting: Confuse
Confirm with . or Enter, or press ? or * to list all spells.
You don't have enough magic to cast that spell.
Unknown command.
You feel agile all of a sudden. The adder barely misses you.
You hit the adder but do no damage. The adder misses you.
You closely miss the adder. Your bite misses the adder. The adder bites you.
* * * LOW HITPOINT WARNING * * *
The adder bites you.
You die...

#.#.#####.#..#
.#
#.#.......#..#
.#
#.#########..#
.# #.#
.........# .#
#### ..#
########.###
##.#...?. ###
#...# #....#
###.####'##
#.#.....#
#.#@S...#
#.......#
##......#
#..##'##
##.##.# #.##.#
#..#.# ##.#.#
.#.#


You could see an adder.

Vanquished Creatures
  2 oozes
  A dart slug (D:1)
  2 leopard geckos (D:1)
  11 bats
  A giant cockroach (D:2)
  7 goblins
  4 hobgoblins
  3 jackals (D:1)
  3 kobolds
  2 frilled lizards (D:1)
  7 rats
43 creatures vanquished.

Notes
Turn   | Place    | Note
-------+----------+-------------------------------------------
     0 | D:1      | Mesmaeker13 the Vampire Enchanter began the quest for the Orb.
     0 | D:1      | Reached XP level 1. HP: 13/13 MP: 3/3
   510 | D:1      | Reached XP level 2. HP: 19/19 MP: 5/5
   513 | D:1      | Reached skill level 5 in Stealth
  1382 | D:1      | Reached XP level 3. HP: 24/24 MP: 6/6
  1542 | D:1      | Learned a level 3 spell: Confuse
  1816 | D:2      | Reached skill level 6 in Stealth
  2054 | D:2      | Slain by an adder

Vault maps used:
D:1:      dpeg_arrival_simpleton_c, minmay_tetromino_t4
D:2:      minmay_wonky_spiral, grunt_dithmenos_smoke_and_mirrors

Skill      XL: |  1  2  3 |
---------------+----------+-----
Stealth        | 5 6 |  6.1
Short Blades   | 2 |  2.3
Dodging        | |  2.1
Spellcasting   | |  2.0
Hexes          | |  4.8

Action                   || total
-------------------------++-------
Melee: Dagger            ||   143
       Bite              ||     5
 Cast: Corona            ||    17
       Confuse           ||     2
  Use: Scroll            ||     4
       Potion            ||     2
 Stab: Sleeping          ||    16
  Eat: Corpse            ||     2
Armor: Robe              ||    38
Dodge: Dodged            ||    78
